 Dungeon Crawl Stone Soup version 0.26.0-10-g1f06aea511 (webtiles) character file.

Game seed: 3210033159426721364

31395 Inarius the Severer (level 13, -5/103 HPs)
             Began as a Minotaur Gladiator on Jan 16, 2021.
             Was a Priest of Hepliaklqana.
             Slain by Rupert
             ... wielding a +2 battleaxe of flaming
              (25 damage)
             ... on level 3 of the Lair of Beasts.
             The game lasted 00:25:35 (17352 turns).

Inarius the Severer (Minotaur Gladiator)           Turns: 17352, Time: 00:25:36

Health: -5/103     AC: 17    Str: 23    XL:     13   Next: 25%
Magic:  16/16      EV:  7    Int: 11    God:    Hepliaklqana [***...]
Gold:   1100       SH: 11    Dex: 13    Spells: 12/12 levels left

rFire    . . .     SeeInvis .   f - +5 broad axe
rCold    . . .     Faith    .   z - +0 kite shield
rNeg     . . .     Spirit   .   F - +0 plate armour
rPois    .         Reflect  .   c - +0 hat
rElec    .         Harm     .   t - +0 cloak
rCorr    .         Rampage  .   (no gloves)
Will     .....                  e - +0 pair of boots
Stlth    ..........             (no amulet)
HPRegen  0.27/turn              B - +6 ring of intelligence
MPRegen  0.15/turn              H - ring of flight

@: attractive, hasted, very quick
A: retaliatory headbutt, reduced essence, horns 2
a: Renounce Religion, Evoke Flight, Recall Ancestor, Ancestor Identity,
Transference


You were on level 3 of the Lair of Beasts.
You worshipped Hepliaklqana.
Hepliaklqana was most pleased with you.
You visited 3 branches of the dungeon, and saw 15 of its levels.
You also visited: Sewer and Ossuary.

You collected 1100 gold pieces.

Inventory:

Hand Weapons
 f - a +5 broad axe (weapon)
 r - a +1 war axe of freezing
 E - a +1 whip of electrocution
Missiles
 b - 18 boomerangs
 d - 5 throwing nets (quivered)
 l - 6 javelins
Armour
 c - a +0 hat (worn)
 e - a +0 pair of boots (worn)
 t - a +0 cloak (worn)
 z - a +0 kite shield (worn)
 F - a +0 plate armour (worn)
Jewellery
 B - a +6 ring of intelligence (left hand)
 H - a ring of flight (right hand)
Wands
 m - a wand of polymorph (5)
 n - a wand of flame (10)
 o - a wand of digging (10)
 D - a wand of acid (6)
 I - a wand of enslavement (2)
 J - a wand of random effects (26)
 K - a wand of disintegration (7)
Scrolls
 a - 2 scrolls of blinking
 g - 6 scrolls of teleportation
 j - 4 scrolls of fog
 q - 5 scrolls of identify
 s - a scroll of fear
 v - 2 scrolls of summoning
 w - 6 scrolls of immolation
 y - 2 scrolls of enchant armour
 A - a scroll of noise
 C - 4 scrolls of remove curse
 G - a scroll of vulnerability
 M - a scroll of holy word
Potions
 h - a potion of experience {unknown}
 i - a potion of attraction
 p - 4 potions of might
 u - a potion of haste
 O - 2 potions of mutation {unknown}
 R - a potion of flight {unknown}
Miscellaneous
 Q - a condenser vane


   Skills:
 + Level 10.8 Fighting
 * Level 17.7 Axes
 - Level 2.0 Throwing
 + Level 10.7 Armour
 - Level 3.2 Dodging
 - Level 0.1 Stealth
 + Level 7.1 Shields
 * Level 6.0 Invocations
 * Level 6.0 Evocations


You had 12 spell levels left.
You didn't know any spells.
Your spell library contained the following spells:

 Spells                   Type           Power        Failure   Level
 Animate Skeleton         Necr           0%           100%        1
 Apportation              Tloc           0%           100%        1
 Corona                   Hex            0%           100%        1
 Summon Small Mammal      Summ           0%           100%        1
 Ensorcelled Hibernation  Hex/Ice        0%           100%        2
 Confusing Touch          Hex            0%           100%        3
 Dazzling Flash           Conj/Hex       0%           100%        3
 Tukima's Dance           Hex            0%           100%        3


Dungeon Overview and Level Annotations

Branches:
Dungeon (11/15)            Temple (1/1) D:4            Lair (3/6) D:11
  Swamp (0/4) Lair:2        Sewer (visited)         Ossuary (visited)
  Snake: Lair:2-4    Spider: Lair:2-4       Orc: D:9-12

Altars:
Ashenzari
Cheibriados
Dithmenos
Elyvilon
Fedhas
Hepliaklqana
Kikubaaqudgha
Makhleb
Okawaru
Qazlal
Sif Muna
Trog
Uskayaw
Vehumet
Wu Jian
Xom
Yredelemnul
Zin
The Shining One

Annotations:
Lair:2 exclusion: oklob plant
Lair:3 Rupert


Innate Abilities, Weirdness & Mutations

You reflexively headbutt those who attack you in melee.
You have a pair of horns on your head.
Your life essence is reduced to manifest your ancestor. (-10% HP)


Message History

Rupert is heavily wounded.
You hit the worm. You slash Rupert! You headbutt Rupert!
Rupert is severely wounded.
You hit the worm. Rupert hits you but does no damage.
The worm completely misses you. You furiously retaliate!
You headbutt the worm. You hit Rupert but do no damage.
Rupert is severely wounded.
You slash the worm!
You kill the worm!
You barely miss Rupert. You headbutt Rupert!
Rupert is severely wounded.
Rupert hits you with a +2 battleaxe of flaming!
* * * LOW HITPOINT WARNING * * *
Rupert burns you.
* * * LOW HITPOINT WARNING * * *
You slice Rupert!! You headbutt Rupert, but do no damage.
Rupert is almost dead.
Rupert hits you with a +2 battleaxe of flaming!!
You die...

....
.........##.....###.#.#
#...
.......[.##..≈P♣##.....
...#
.........##.≈≈♣≈♣#.....
#.##
#..........#♣≈≈≈≈≈♣....#
...#
...P#.....##♣≈≈♣≈≈≈♣...+
....
...#####..#♣≈≈≈≈≈PP♣..##
#...
......##..†♣≈P≈≈≈≈≈♣≈#R.
....
......†...♣≈≈PP≈≈≈P≈≈♣..
....
......@@.♣≈P≈P≈≈≈≈♣≈♣≈..
....
.........♣≈≈≈♣≈≈≈P≈P≈♣..
....
.####+.#≈≈♣≈≈≈≈≈≈≈≈P♣♣..
.... .#♣≈≈≈≈≈≈≈≈≈≈≈≈P≈♣.
#.. # ..
#♣≈≈≈≈≈≈≈≈≈≈≈≈♣P. # .#
..# #.. ♣≈≈≈≈≈≈≈≈≈≈≈♣♣.
##.. #..# #..
≈≈≈≈≈≈≈≈≈≈≈P♣. ....
....# .. ≈≈≈≈≈≈≈≈≈≈ ♣≈.
#. ....# ≈≈≈≈≈≈≈≈♣♣.


You could see Rupert (berserk).

Vanquished Creatures
  Harold (D:7)
  5 hydras
  4 death yaks
  A two-headed ogre (D:11)
  Nergalle (Lair:2)
  A slime creature (D:11)
  A centaur zombie (D:11)
  4 elephants (Lair:1)
  A torpor snail (Lair:2)
  7 cane toads
  6 komodo dragons
  A rime drake (Lair:2)
  A polar bear (Lair:3)
  11 blink frogs (Lair:2)
  2 water elementals (D:11)
  A spriggan (Lair:3)
  2 wyverns
  23 yaks
  A swamp worm (Lair:2)
  A soldier ant (D:8)
  5 water moccasins
  7 ice beasts
  3 black bears
  A phantom (D:4)
  An orc warrior (D:7)
  3 sky beasts
  4 ogres
  An eye of draining (D:11)
  A necrophage (D:10)
  8 wolves
  4 centaurs
  An elf zombie (Ossuary)
  6 big kobolds
  16 bullfrogs
  A wyvern skeleton (D:11)
  8 scorpions
  A water moccasin skeleton (D:5)
  2 killer bees (D:10)
  16 wights
  7 howler monkeys
  6 electric eels
  4 crimson imps (D:3)
  2 quasits
  2 bullfrog zombies
  8 orc priests
  7 hounds
  2 human zombies (Ossuary)
  8 orc wizards
  2 bullfrog skeletons
  6 jellies
  A centaur skeleton (D:9)
  2 gnoll shamans (D:8)
  3 iguanas
  Natasha (thrice) (D:3)
  6 worker ants
  2 big kobold zombies (Ossuary)
  A hound skeleton (D:8)
  2 mummies (Ossuary)
  11 gnolls
  A howler monkey skeleton (D:8)
  15 adders
  A river rat (Sewer)
  2 white imps
  3 ufetubi
  5 oozes
  2 adder zombies (Ossuary)
  9 worms
  3 dart slugs
  6 leopard geckos
  35 orcs
  8 bats
  3 giant cockroaches
  16 hobgoblins
  13 jackals
  25 kobolds
  5 quokkas
  4 ball pythons
  6 frilled lizards
  A giant cockroach zombie (D:5)
  7 goblins
  A goblin zombie (Ossuary)
  9 hobgoblin zombies (Ossuary)
  A jackal skeleton (D:7)
  2 jackal zombies (Ossuary)
  8 kobold zombies (Ossuary)
  2 leopard gecko skeletons
  A leopard gecko zombie (D:5)
  10 orc zombies (Ossuary)
  A quokka skeleton (D:5)
  14 rats
468 creatures vanquished.

Vanquished Creatures (collateral kills)
  A death yak (Lair:3)
  A torpor snail (Lair:2)
  2 komodo dragons
  A troll (D:10)
  A golden eye (D:10)
  A swamp worm (Lair:2)
  2 black bears
  A wolf (Lair:3)
  2 bullfrogs
  An orc (D:10)
  A kobold (D:11)
14 creatures vanquished.

Vanquished Creatures (others)
  2 killer bees (D:10)
  2 ancestors (D:11)
  7 hexers
  11 fungi
  41 plants
63 creatures vanquished.

Grand Total: 545 creatures vanquished

Notes
Turn   | Place    | Note
-------+----------+-------------------------------------------
     0 | D:1      | Inarius the Minotaur Gladiator began the quest for the Orb.
     0 | D:1      | Reached XP level 1. HP: 18/18 MP: 0/0
   127 | D:1      | Reached skill level 4 in Axes
   243 | D:1      | Reached XP level 2. HP: 25/25 MP: 1/1
   761 | D:1      | Reached XP level 3. HP: 30/30 MP: 2/2
   765 | D:1      | Reached skill level 1 in Armour
   848 | D:2      | Reached skill level 5 in Axes
  1171 | D:2      | Reached XP level 4. HP: 38/38 MP: 3/3
  1438 | D:2      | Found an iron altar of Okawaru.
  1525 | D:2      | Reached skill level 6 in Axes
  1525 | D:2      | Reached XP level 5. HP: 35/45 MP: 4/4
  1607 | D:3      | Found a glowing drain.
  1636 | Sewer    | Entered a sewer
  1830 | Sewer    | Reached skill level 7 in Axes
  1830 | Sewer    | Reached XP level 6. HP: 37/51 MP: 5/5
  2311 | D:3      | Noticed Natasha
  2321 | D:3      | Killed Natasha
  2500 | D:3      | Noticed Natasha
  2508 | D:3      | Killed Natasha
  2594 | D:3      | Noticed Natasha
  2598 | D:3      | Killed Natasha
  2930 | D:3      | Found a shimmering altar of Xom.
  2936 | D:3      | Reached skill level 8 in Axes
  2956 | D:3      | Reached XP level 7. HP: 51/58 MP: 6/6
  3034 | D:3      | Found a hazy altar of Hepliaklqana.
  3240 | D:4      | Reached skill level 9 in Axes
  4207 | D:4      | Reached skill level 10 in Axes
  4207 | D:4      | Reached XP level 8. HP: 67/67 MP: 7/7
  4250 | D:4      | Found a staircase to the Ecumenical Temple.
  4536 | Temple   | Entered the Ecumenical Temple
  4750 | D:5      | Entered Level 5 of the Dungeon
  4791 | D:5      | Reached skill level 5 in Armour
  5405 | D:6      | Reached skill level 11 in Axes
  5414 | D:6      | Reached skill level 5 in Fighting
  5763 | D:6      | Found a hide-covered altar of Uskayaw.
  6390 | D:7      | Reached XP level 9. HP: 47/70 MP: 8/8
  6394 | D:7      | Reached skill level 12 in Axes
  6585 | D:7      | Noticed Harold
  6600 | D:7      | Killed Harold
  6601 | D:7      | Reached skill level 1 in Shields
  6607 | D:7      | Reached skill level 13 in Axes
  6608 | D:7      | Found a sand-covered staircase.
  6682 | Ossuary  | Entered an ossuary
  7577 | D:8      | Noticed Pikel
  7583 | D:8      | Reached XP level 10. HP: 84/84 MP: 9/9
  7585 | D:8      | Noticed Pikel
  7585 | D:8      | Pikel changed into Pikel the soldier ant
  7590 | D:8      | Killed Pikel the soldier ant
  7765 | D:8      | Found a shimmering altar of Xom.
  7971 | D:8      | Reached skill level 1 in Evocations
  8019 | D:8      | Reached skill level 14 in Axes
  8769 | D:8      | Got a slimy falchion
  8770 | D:8      | Identified the +9 falchion of Jiw Reic {vorpal, +Blink rN+
                  | Str+3 Int+2} (You found it on level 8 of the Dungeon)
  8949 | D:8      | Found a basalt altar of Yredelemnul.
  8949 | D:8      | Found a blossoming altar of Fedhas.
  9684 | D:9      | Reached skill level 15 in Axes
  9862 | D:3      | Became a worshipper of Hepliaklqana the Forgotten
 10387 | D:10     | Entered Level 10 of the Dungeon
 10558 | D:10     | Noticed Sonja
 10562 | D:10     | Noticed Sonja
 10562 | D:10     | Sonja changed into Sonja the golden eye
 10563 | D:10     | Killed Sonja the golden eye
 10806 | D:10     | Reached skill level 1 in Invocations
 10815 | D:10     | Reached XP level 11. HP: 77/83 MP: 10/10
 10878 | D:10     | Reached * piety under Hepliaklqana
 11287 | D:11     | Found a staircase to the Lair.
 11287 | D:11     | Noticed a four-headed hydra
 11299 | D:10     | Killed a four-headed hydra
 11594 | D:11     | Noticed a two-headed ogre
 11601 | D:11     | Killed a two-headed ogre
 12103 | D:11     | Reached skill level 16 in Axes
 12528 | D:11     | Reached ** piety under Hepliaklqana
 12540 | D:11     | Remembered your ancestor Imgur-Sin as a hexer
 12802 | Lair:1   | Entered Level 1 of the Lair of Beasts
 12982 | Lair:1   | Reached skill level 5 in Shields
 13239 | Lair:1   | Noticed a five-headed hydra
 13412 | Lair:1   | Killed a five-headed hydra
 13487 | Lair:1   | Reached XP level 12. HP: 40/93 MP: 13/13
 14602 | Lair:2   | Found a snail-covered altar of Cheibriados.
 14725 | Lair:2   | Reached skill level 5 in Evocations
 14915 | Lair:2   | Reached *** piety under Hepliaklqana
 15038 | Lair:2   | Reached skill level 10 in Fighting
 15047 | Lair:2   | Reached skill level 5 in Invocations
 15048 | Lair:2   | Reached skill level 10 in Armour
 15400 | Lair:2   | Noticed a seven-headed hydra
 15408 | Lair:2   | Noticed Nergalle
 15410 | Lair:2   | Noticed a seven-headed hydra
 15579 | Lair:2   | Killed Nergalle
 15747 | Lair:2   | Killed a seven-headed hydra
 15748 | Lair:2   | Reached skill level 17 in Axes
 15983 | Lair:2   | Found a staircase to the Swamp.
 16165 | Lair:3   | Noticed a death yak
 16165 | Lair:3   | Noticed a death yak
 16165 | Lair:3   | Noticed a death yak
 16170 | Lair:3   | Noticed a death yak
 16170 | Lair:3   | Noticed a death yak
 16189 | Lair:2   | Killed a death yak
 16592 | Lair:3   | Noticed a four-headed hydra
 16592 | Lair:3   | Noticed a seven-headed hydra
 16602 | Lair:3   | Killed a seven-headed hydra
 16603 | Lair:3   | Killed a four-headed hydra
 16604 | Lair:3   | Reached XP level 13. HP: 68/102 MP: 16/16
 17328 | Lair:3   | Noticed Rupert
 17352 | Lair:3   | Slain by Rupert

Illustrated notes

Levels and vault maps discovered:
D:1:      dpeg_arrival_rooms_c, layout_rooms, minivault_11,
          minmay_misc_feat_chi, minmay_misc_feat_enclosed
D:2:      layout_rooms, lemuel_crystal_altar, nrook_uturn
D:3:      layout_basic, general_overflow_altar, cheibrodos_sewer_entry_drain,
          led_xom_imps, uniq_natasha
D:4:      layout_basic, minmay_temple_entry_fiery
D:5:      layout_cave_pools, kennysheep_generic_room_14
D:6:      layout_basic, kennysheep_mini
D:7:      layout_rooms, nicolae_ossuary_entry_false_entrances, uniq_harold
D:8:      kennysheep_housing_project, layout_loops_ring,
          gammafunk_temple_overflow_elements, marbit_many_paths, uniq_pikel
D:9:      layout_irregular_city, roderic_lattice_a
D:10:     layout_cave_pods, st_stairs_5, uniq_sonja
D:11:     layout_basic, david_lair_shrubbed
Temple:   compressed_dpeg_circular_temple
Lair:1:   layout_layer_cave, serial_bayou, serial_bayou_crossing,
          serial_bayou_pond_a, serial_bayou_shore_a, serial_bayou_shore_b,
          beast_lair_carwin_11, infiniplex_staircase_pool
Lair:2:   layout_cave_shapes, palyth_hydra_swamp_entry, kennysheep_snail_temple,
          infiniplex_staircase_pool_2, minmay_lair_oklob_chamber, uniq_nergalle
Lair:3:   layout_regular_city, nicolae_spider_entry_non_spiders, serial_bayou,
          serial_bayou_pond_c, serial_bayou_ford_a, serial_bayou_lake_a,
          serial_bayou_pond_b, grunt_forest_stairs_clearing, uniq_rupert

Skill      XL: |  1  2  3  4  5  6  7  8  9 10 11 12 13 |
---------------+----------------------------------------+-----
Axes           | 4 5 6 7 8 10 11 13 15 16 17 | 17.7
Armour         | 1 2 3 4 5 7 8 9 10 | 10.7
Fighting       | 3 4 5 6 7 9 10 | 10.8
Shields        | 2 4 5 6 7 |  7.1
Evocations     | 2 4 5 6 |  6.0
Invocations    | 1 3 5 6 |  6.0
Throwing       | |  2.0
Dodging        | |  3.2
Stealth        | |  0.1

Action                   |  1- 3 |  4- 6 |  7- 9 | 10-12 | 13-15 || total
-------------------------+-------+-------+-------+-------+-------++-------
Melee: War axe           |    82 |   155 |   413 |   554 |       ||  1204
       Headbutt          |     9 |    19 |    84 |   141 |    20 ||   273
       Short sword       |       |     5 |       |       |       ||     5
       Whip              |       |       |       |    14 |       ||    14
       Broad axe         |       |       |       |    48 |    73 ||   121
Throw: Boomerang         |       |       |    15 |       |       ||    15
       Throwing net      |       |       |     3 |     2 |       ||     5
       Javelin           |       |       |     6 |     4 |       ||    10
Invok: Ancestor Life: He |       |       |       |     1 |       ||     1
 Abil: Evoke Flight      |       |       |       |     1 |       ||     1
Evoke: Wand              |       |       |     4 |    31 |       ||    35
  Use: Scroll            |       |     7 |     9 |    13 |     1 ||    30
       Potion            |       |     5 |     2 |     4 |     4 ||    15
 Stab: Held in net/web   |       |       |     1 |     1 |       ||     2
       Distracted        |       |       |       |     4 |       ||     4
Armor: Leather armour    |    24 |       |       |       |       ||    24
       Ring mail         |       |    33 |       |       |       ||    33
       Scale mail        |       |    16 |    17 |       |       ||    33
       Chain mail        |       |       |   181 |    40 |       ||   221
       Plate armour      |       |       |       |   189 |    28 ||   217
       Skin              |       |       |       |     9 |       ||     9
Dodge: Dodged            |    79 |   106 |   134 |   104 |    14 ||   437
Block: Kite shield       |       |       |    65 |   234 |    35 ||   334
